 Dungeon Crawl Stone Soup version 0.28-a0-845-gfc338a8e3c (webtiles) character file.

Game seed: 16601959366566529989

56 Strat the Chopper (level 3, 0/31 HPs)
             Began as a Draconian Cinder Acolyte on Nov 12, 2021.
             Was a High Priest of Ignis.
             Slain by a goblin (1 damage)
             ... on level 2 of the Dungeon.
             The game lasted 00:02:09 (1247 turns).

Strat the Chopper (Draconian Cinder Acolyte)        Turns: 1247, Time: 00:02:09

Health: 0/31       AC:  5    Str: 16    XL:     3   Next: 71%
Magic:  4/4        EV: 11    Int: 14    God:    Ignis [*****.]
Gold:   36         SH:  0    Dex:  7    Spells: 2/4 levels left

rFire   + . .      SeeInvis .   a - -1 hand axe (flame)
rCold   . . .      Faith    .   (no shield)
rNeg    . . .      Spirit   .   (armour unavailable)
rPois   .          Reflect  .   (helmet restricted)
rElec   .          Harm     .   (no cloak)
rCorr   .          Rampage  .   (no gloves)
Will    .....                   (no boots)
Stlth   +.........              (no amulet)
HPRegen 0.10/turn               (no ring)
MPRegen 0.09/turn               (no ring)

@: no status effects
A: AC +5, unfitting armour, cold-blooded
a: Renounce Religion, Sea of Fire, Foxfire Swarm, Rising Flame


You were on level 2 of the Dungeon.
You worshipped Ignis.
Ignis was extremely pleased with you.
You visited 1 branch of the dungeon, and saw 2 of its levels.

You collected 36 gold pieces.

Inventory:

Hand Weapons
 a - a -1 hand axe of flaming (weapon)
Missiles
 c - 50 stones (quivered)
 f - 13 sling bullets
Jewellery
 h - a +6 ring of intelligence
 i - a ring of wizardry
Scrolls
 d - a scroll of noise {unknown}
 g - a scroll of immolation {unknown}
Potions
 b - a potion of attraction {unknown}
 e - a potion of flight {unknown}
 j - a potion of haste {unknown}


   Skills:
 - Level 3.2 Fighting
 * Level 4.7 Axes
 - Level 1.0 Spellcasting
 - Level 3.0 Fire Magic


You had 2 spell levels left.
You knew the following spells:

 Your Spells              Type           Power      Damage    Failure   Level
a - Scorch                Fire           18%        2d6       12%         2

Your spell library contained the following spells:

 Spells                   Type           Power      Damage    Failure   Level


Dungeon Overview and Level Annotations

Branches:
Dungeon (2/15)

Altars:

Shops:
D:2 *


Innate Abilities, Weirdness & Mutations

Your plain brown scales are hard. (AC +5)
You cannot fit into any form of body armour.
You are cold-blooded and may be slowed by cold attacks.


Message History

* * * LOW HITPOINT WARNING * * *
The kobold barely misses you.
You hit the kobold. You burn the kobold.
You kill the kobold!
You hit the hobgoblin but do no damage. The hobgoblin closely misses you.
You closely miss the hobgoblin. The hobgoblin completely misses you.
You hit the hobgoblin but do no damage.
Your tail-slap misses the hobgoblin.
The hobgoblin hits you.
* * * LOW HITPOINT WARNING * * *
The hobgoblin barely misses you.
You barely miss the hobgoblin.
You tail-slap the hobgoblin, but do no damage.
The hobgoblin closely misses you.
You closely miss the hobgoblin. The hobgoblin closely misses you.
You completely miss the hobgoblin.
The hobgoblin hits you but does no damage.
You completely miss the hobgoblin. The hobgoblin completely misses you.
You hit the hobgoblin. You burn the hobgoblin.
The hobgoblin is moderately wounded.
The hobgoblin hits you but does no damage.
You hit the hobgoblin. You burn the hobgoblin.
The hobgoblin is severely wounded.
The hobgoblin barely misses you.
You barely miss the hobgoblin.
You tail-slap the hobgoblin, but do no damage.
The hobgoblin is severely wounded.
The hobgoblin barely misses you.
You hit the hobgoblin. You burn the hobgoblin.
You kill the hobgoblin!
You hit the goblin. You burn the goblin.
The goblin is heavily wounded.
The goblin hits you with a +0 dagger.
* * * LOW HITPOINT WARNING * * *
You closely miss the goblin.
The goblin is heavily wounded.
The goblin hits you but does no damage.
You barely miss the goblin.
The goblin is heavily wounded.
The goblin hits you with a +0 dagger.
You die...

###.####.#.
########.#.#
#..........####
#####.......#
#.#####.# #.#
###.# #.# #<..#
#.#######
#..@g...##.#.g
#####.........
#.#.#.....
#.#.# #g.#
######## #.#<#
.. #......#
#.### #......#
... #......#
### #......#


You could see a goblin.

Vanquished Creatures
  2 adders (D:2)
  A worm (D:2)
  2 dart slugs (D:1)
  2 endoplasms
  3 giant cockroaches (D:1)
  6 hobgoblins
  2 ball pythons
  A bat (D:2)
  A frilled lizard (D:2)
  4 goblins (D:1)
  4 kobolds
  3 rats (D:1)
31 creatures vanquished.

Notes
Turn   | Place    | Note
-------+----------+-------------------------------------------
     0 | D:1      | Strat the Draconian Cinder Acolyte began the quest for the
                  | Orb.
     0 | D:1      | Reached XP level 1. HP: 19/19 MP: 2/2
   130 | D:1      | Reached XP level 2. HP: 26/26 MP: 3/3
   133 | D:1      | Learned a level 2 spell: Scorch
   517 | D:1      | Reached skill level 4 in Axes
   914 | D:2      | Found Genoeca's Assorted Antiques.
   935 | D:2      | Reached XP level 3. HP: 24/31 MP: 4/4
  1236 | D:2      | HP: 1/31 [hobgoblin (2)]
  1245 | D:2      | HP: 1/31 [goblin (1)]
  1247 | D:2      | Slain by a goblin

Illustrated notes

Levels and vault maps discovered:
D:1:      scummos_arrival_star, layout_basic,
          amcnicky_mini_rare_corridor_liquid, minmay_door_square, st_stairs_4
D:2:      layout_basic, serial_shops, nicolae_shop_stone

Skill      XL: |  1  2 |
---------------+-------+-----
Axes           | 4 |  4.7
Fighting       | |  3.2
Spellcasting   | |  1.0
Fire Magic     | |  3.0

Action                   || total
-------------------------++-------
Melee: Hand axe          ||   125
       Tailslap          ||    13
 Stab: Sleeping          ||     1
Armor: Skin              ||    34
Dodge: Dodged            ||    80

Table legend: (Time is in decaauts)
 A = Elapsed time spent in this place.
 B = Non-inter-level travel time spent in this place.
 C = Inter-level travel time spent in this place.
 D = Time resting spent in this place.
 E = Time spent auto-exploring this place.
 F = Levels seen in this place.
 G = Mean time per level.
                   A        B        C        D        E       F      G
               +--------+--------+--------+--------+--------+-----+--------+
         Total |   1258 |   1211 |     47 |      0 |    918 |   2 |  629.0 |
       Dungeon |   1258 |   1211 |     47 |      0 |    918 |   2 |  629.0 |
               +--------+--------+--------+--------+--------+-----+--------+

Top non-repeatable levels by time:
     D:1: 820 daAuts
     D:2: 437 daAuts
